Construct Section Command Post
Selects Canadian Shock Battlegroup
Selects Canadian Shock Battlegroup
Construct Platoon Command Post
Selects Canadian Shock Section
Construct Company Command Post
Selects Incendiary Munitions
Unlock Bishop Self-propelled Artillery
6-pounder Anti-tank Gun Team
Selects Churchill Crocodile Heavy Tank
Unlock Towed 17-pounder Anti-tank Guns
17-pounder Anti-tank Gun Team
Churchill Crocodile Heavy Tank
17-pounder Anti-tank Gun Team